 Dungeon Crawl Stone Soup version 0.23.0 (webtiles) character file.

Game seed: 2096089328446594624

257943 Infinimo the Shatterer (level 19, -1/185 HPs)
             Began as a Minotaur Berserker on Feb 9, 2019.
             Was the Champion of Trog.
             Slain by a nagaraja
             ... wielding a cursed -3 club
              (5 damage)
             ... on level 4 of the Snake Pit.
             The game lasted 01:13:05 (44511 turns).

Infinimo the Shatterer (Minotaur Berserker)        Turns: 44511, Time: 01:13:06

Health: -1/185     AC: 25    Str: 34    XL:     19   Next: 49%
Magic:  18/18      EV:  6    Int:  7    God:    Trog [******]
Gold:   2038       SH: 29    Dex: 14    Spells: 18/18 levels left

rFire    + + .     SeeInvis .   P - +3 demon whip (flame)
rCold    + . .     Gourm    .   M - +0 large shield
rNeg     . . .     Faith    .   k - +1 plate armour
rPois    +         Spirit   .   (helmet restricted)
rElec    .         Reflect  +   m - scarf {rC+ rF+}
rCorr    .         Harm     .   a - +3 pair of gloves of the Hippo {Str+6 Int-3 Slay+2}
MR       ++...     Clarity  +   (no boots)
Stlth    ..........             l - +5 amulet of reflection
HPRegen  0.00/turn              G - ring of poison resistance
MPRegen  0.16/turn              I - ring "Plog" {rF+ MR+ Int+2}

@: lethally poisoned (-1 -> -48), berserk cooldown, slowed, constricted, very
slow
A: retaliatory headbutt, horns 2, agile 1, blurry vision 1, clarity, clever 1,
inhibited regeneration, strong 1
}: 1/15 runes: barnacled
a: Berserk, Trog's Hand, Brothers in Arms, Renounce Religion


You were on level 4 of the Snake Pit.
You worshipped Trog.
Trog was exalted by your worship.
You were not hungry.

You visited 6 branches of the dungeon, and saw 33 of its levels.
You visited the Abyss 1 time.

You collected 3357 gold pieces.
You spent 1319 gold pieces at shops.

Inventory:

Hand Weapons
 P - a +3 demon whip of flaming (weapon)
Armour
 a - the +3 pair of gloves of the Hippo (worn) {Str+6 Int-3 Slay+2}
   (You bought it in a shop on level 1 of the Elven Halls)

   It affects your strength (+6).
   It affects your intelligence (-3).
   It affects your accuracy and damage with ranged weapons and melee attacks
   (+2).
 k - a +1 plate armour (worn)
 m - a scarf of resistance (worn)
 o - the +1 cloak of Pleasant Breezes {MR+ rCorr Dex+5}
   (You found it on level 2 of the Elven Halls)

   It affects your dexterity (+5).
   It affects your resistance to hostile enchantments.
   It provides partial protection from all sources of acid and corrosion.
 M - a +0 large shield (worn)
Jewellery
 l - a +5 amulet of reflection (around neck)
 p - the ring "Plog" {rF- rC+ rN++ MR+ Stlth+}
   (You took it off a deep elf archer on level 2 of the Elven Halls)

   [ring of protection from magic]

   It makes you vulnerable to fire.
   It protects you from cold.
   It greatly protects you from negative energy.
   It affects your resistance to hostile enchantments.
   It makes you more stealthy.
 G - a ring of poison resistance (left hand)
 I - the ring "Plog" (right hand) {rF+ MR+ Int+2}
   (You bought it in a shop on level 2 of the Snake Pit)

   [ring of intelligence]

   It affects your intelligence (+2).
   It protects you from fire.
   It affects your resistance to hostile enchantments.
 J - an uncursed ring of protection from cold
 O - an uncursed amulet of inaccuracy
Wands
 r - a wand of iceblast (17)
 u - a wand of disintegration (23)
Scrolls
 e - a scroll of silence
 f - 8 scrolls of identify
 h - 7 scrolls of enchant armour
 n - 6 scrolls of enchant weapon
 q - 6 scrolls of magic mapping
 A - 3 scrolls of blinking
 B - 9 scrolls of remove curse
 K - 3 scrolls of holy word
Potions
 b - a potion of ambrosia
 d - 3 potions of haste
 g - 6 potions of flight
 i - 5 potions of curing
 j - 5 potions of lignification
 s - 4 potions of agility
 t - 5 potions of resistance
 v - 2 potions of might
 w - a potion of mutation
 x - 4 potions of degeneration
 z - 2 potions of berserk rage
 C - 4 potions of brilliance
 D - a potion of magic
 E - 2 potions of cancellation
 N - 3 potions of invisibility
Comestibles
 c - 29 rations


   Skills:
 + Level 20.2 Fighting
 + Level 22.3 Maces & Flails
 + Level 20.1 Armour
 - Level 2.1 Dodging
 + Level 17.9 Shields


You had 18 spell levels left.
You didn't know any spells.
Your spell library was empty.

Dungeon Overview and Level Annotations

Branches:
Dungeon (15/15)            Temple (0/1) D:7            Lair (6/6) D:8
 Shoals (4/4) Lair:4        Snake (4/4) Lair:4        Slime (0/5) Lair:6
    Orc (2/2) D:12            Elf (2/3) Orc:2        Vaults (0/5) D:13
 Depths (0/5) D:15

Altars:
Elyvilon
Fedhas
Hepliaklqana
Kikubaaqudgha
Nemelex Xobeh
Okawaru
Qazlal
Sif Muna
Trog
Vehumet
Xom
Yredelemnul
Zin
The Shining One
Beogh
Jiyva

Shops:
D:6 }}   D:12 [   Orc:2 %((%   Elf:1 [   Shoals:1 (   Shoals:3 (:}:   Snake:2 =

Portals:
Trove: D:11 (give +3 gold dragon scales)

Annotations:
Lair:2 exclusion: 3 oklob plants


Innate Abilities, Weirdness & Mutations

You reflexively headbutt those who attack you in melee.
You have a pair of horns on your head.
You are agile. (Dex +2)
Scrolls take you a little longer to read.
You possess an exceptional clarity of mind.
Your mind is acute. (Int +2)
You do not regenerate when monsters are visible.
Your muscles are strong. (Str +2)


Message History

You are more poisoned.
You resist.
Unknown command.
Unknown command.
Unknown command.
You feel much better.
* * * LOW HITPOINT WARNING * * *
You feel very sick. Something hits you!
* * * LOW HITPOINT WARNING * * *
x2 You are constricted.
You block the guardian serpent's attack.
The naga mage spits poison at you. You resist.
Your troll claws the guardian serpent.
You block the salamander's attack.
The naga warrior hits you with a +0 halberd.
* * * LOW HITPOINT WARNING * * *
Something hits you.
* * * LOW HITPOINT WARNING * * *
You die...

.... N.......... #.(....
.................#...^..
..⌠.. <.....⌠.........N.
.....##'#.......§#NN.NNN
................ #...NS(
#....⌠...)....##....N.S.
##.N..NT...###.....N...
..###NSN####..........#
......#@#†)...........##
..(...N.N.).........###
........†))......###
#.#....<..†.##.#. #
####....### ##..## ###
#.## ##.. #.# ####...
#.####### #......


You could see a naga warrior, a salamander, a guardian serpent, 2 naga magi, 2
nagas and a friendly troll (berserk).

Vanquished Creatures
  Nikola (Snake:2)
  A hellephant (Abyss:3)
  A deep elf blademaster (Elf:2)
  Asterion (Elf:1)
  Kirke (Lair:4)
  Agnes (Snake:3)
  6 nagarajas
  Louise (Snake:3)
  A deep elf sorcerer (Elf:2)
  A caustic shrike zombie (D:15)
  Azrael (D:13)
  An ettin (Orc:2)
  An eidolon (Abyss:3)
  A merfolk javelineer (Shoals:3)
  A fire dragon (Lair:6)
  10 merfolk impalers
  Josephine (Lair:5)
  The ghost of Pamiuf the Slicer, a journeyman KoSu of Ru (Lair:1)
  A vault guard (D:13)
  7 hydras
  11 naga warriors
  10 anacondas
  7 centaur warriors
  2 alligator snapping turtles
  3 merfolk avatars
  6 merfolk aquamancers
  9 two-headed ogres
  20 dancing weapons
  An ogre mage (D:15)
  A vampire mage (D:15)
  15 death yaks
  3 shock serpents
  12 naga sharpshooters
  Sonja (Lair:1)
  A soul eater (Abyss:3)
  9 deep elf knights (Elf:2)
  2 wretched stars (Abyss:3)
  9 skeletal warriors
  3 salamander mystics
  3 starcursed masses (Abyss:3)
  A wizard (D:14)
  25 sea snakes
  A spatial maelstrom (Abyss:3)
  A swamp dragon (shapeshifter) (Elf:2)
  15 deep elf archers
  6 naga ritualists
  2 unseen horrors
  2 orc knights (Orc:2)
  A lindwurm (Lair:6)
  12 harpies
  A necromancer (D:15)
  10 mana vipers
  5 ugly things
  44 deep elf magi
  2 fauns (Shoals:3)
  2 orc sorcerers (Orc:2)
  6 salamanders
  9 cyclopes
  17 manticores
  Maurice (D:13)
  12 guardian serpents
  4 water nymphs
  33 black mambas
  A centaur zombie (D:13)
  3 elephants (Lair:6)
  13 naga magi
  8 merfolk sirens
  2 molten gargoyles (Lair:6)
  A gargoyle (D:11)
  16 spiny frogs
  6 rime drakes
  An elf zombie (D:15)
  3 smoke demons (Abyss:3)
  8 komodo dragons
  A tengu conjurer (D:13)
  2 ancient zymes (Abyss:3)
  2 efreet
  4 polar bears
  5 trolls
  Prince Ribbit (D:5)
  A hornet (D:10)
  23 merfolk
  10 wind drakes
  12 snapping turtles
  A blink frog (shapeshifter) (D:13)
  15 hippogriffs
  23 blink frogs
  5 slime creatures
  2 dream sheep (D:14)
  2 fire dragon skeletons (D:15)
  3 air elementals (Elf:2)
  3 shadows
  A vampire (D:11)
  9 wyverns
  7 water elementals
  5 fire elementals
  6 wraiths
  5 hogs (Lair:4)
  41 yaks
  9 basilisks
  A chaos spawn (Abyss:3)
  4 steam dragons
  6 vampire mosquitoes
  3 hungry ghosts (D:11)
  A large abomination (Abyss:3)
  A soldier ant (D:13)
  A warg (Orc:2)
  51 nagas
  2 acid dragons
  17 water moccasins
  9 porcupines
  6 hell hounds
  3 sky beasts
  4 ice beasts
  A black bear (D:12)
  39 orc warriors
  3 phantoms
  20 ogres
  22 centaurs
  17 wolves
  18 crocodiles
  25 bullfrogs
  7 big kobolds
  4 earth elementals
  Blork the orc (D:5)
  2 small abominations (Abyss:3)
  2 wyvern skeletons
  5 scorpions
  3 killer bees (D:8)
  3 vampire bats (D:8)
  5 wights (D:15)
  5 electric eels
  12 crimson imps
  5 jellies
  3 howler monkeys
  4 lava snakes (Lair:6)
  11 hounds
  2 quasits
  A bullfrog zombie (D:5)
  27 orc wizards
  A gnoll shaman (Orc:2)
  27 orc priests
  A bullfrog skeleton (D:7)
  7 centaur skeletons
  An iguana (D:11)
  2 hell rats (D:8)
  3 worker ants
  A hound skeleton (D:6)
  A howler monkey zombie (D:9)
  A worker ant zombie (D:10)
  12 adders
  9 gnolls
  A river rat (D:8)
  5 shadow imps
  An ufetubus (Abyss:3)
  3 adder zombies
  2 worms
  2 dart slugs
  7 leopard geckos
  124 orcs
  2 bat skeletons (D:8)
  5 bat zombies (D:8)
  2 giant cockroaches
  10 goblins
  3 hobgoblins
  24 jackals
  6 quokkas
  3 ball pythons
  8 bats
  6 frilled lizards
  2 giant cockroach zombies (D:6)
  A jackal skeleton (D:4)
  24 kobolds
  A leopard gecko skeleton (D:9)
  A quokka skeleton (D:4)
  9 rats
  A fungus (Lair:4)
1315 creatures vanquished.

Vanquished Creatures (collateral kills)
  Rupert (D:13)
  A merfolk avatar (Shoals:4)
  A water nymph (Shoals:4)
  An orc warrior (Orc:2)
  An ogre (Orc:2)
  An orc priest (Orc:2)
  2 orc wizards (Orc:2)
  5 orcs (Orc:2)
13 creatures vanquished.

Vanquished Creatures (others)
  The ghost of rrossfarrar the Sabretooth, an adept FeBe of Trog (Elf:2)
  2 merfolk javelineers (Shoals:3)
  A merfolk aquamancer (Shoals:4)
  3 naga sharpshooters
  A skeletal warrior (D:14)
  2 deep elf magi
  A manticore (Shoals:4)
  A faun (Shoals:1)
  2 cyclopes
  A black mamba (Snake:3)
  A slime creature (D:15)
  3 orc warriors (Orc:2)
  2 centaurs (Orc:2)
  An earth elemental (Elf:2)
  3 orcs (Orc:2)
  6 fungi
  5 plants
  4 starspawn tentacles (Abyss:3)
  2 withered plants (D:15)
42 creatures vanquished.

Grand Total: 1370 creatures vanquished

Notes
Turn   | Place    | Note
-------+----------+-------------------------------------------
     0 | D:1      | Infinimo the Minotaur Berserker began the quest for the
                  | Orb.
     0 | D:1      | Reached XP level 1. HP: 19/19 MP: 0/0
   104 | D:1      | Reached skill level 4 in Maces & Flails
   104 | D:1      | Reached XP level 2. HP: 27/27 MP: 1/1
   663 | D:1      | Reached ** piety under Trog
   663 | D:1      | Reached XP level 3. HP: 32/33 MP: 2/2
   862 | D:2      | Found a blossoming altar of Fedhas.
  1204 | D:2      | Reached skill level 5 in Maces & Flails
  1204 | D:2      | Reached XP level 4. HP: 40/40 MP: 3/3
  1601 | D:3      | Reached *** piety under Trog
  1645 | D:3      | Reached XP level 5. HP: 47/47 MP: 4/4
  1678 | D:3      | Reached skill level 6 in Maces & Flails
  2118 | D:4      | Noticed an ogre
  2125 | D:4      | Killed an ogre
  2125 | D:4      | Reached skill level 5 in Fighting
  2125 | D:4      | Reached XP level 6. HP: 56/56 MP: 5/5
  2476 | D:4      | Found a shimmering altar of Xom.
  2568 | D:5      | Entered Level 5 of the Dungeon
  2640 | D:5      | Reached skill level 7 in Maces & Flails
  2739 | D:5      | Noticed Blork the orc
  2747 | D:5      | Killed Blork the orc
  2747 | D:5      | Reached skill level 5 in Armour
  2747 | D:5      | Reached XP level 7. HP: 62/62 MP: 6/6
  2827 | D:5      | Reached **** piety under Trog
  2911 | D:5      | Reached skill level 8 in Maces & Flails
  2975 | D:5      | Noticed Prince Ribbit
  3015 | D:5      | Killed Prince Ribbit
  3043 | D:5      | Reached XP level 8. HP: 33/71 MP: 7/7
  3294 | D:5      | Found a basalt altar of Yredelemnul.
  3345 | D:5      | Reached skill level 9 in Maces & Flails
  3673 | D:6      | Found Jaggulej's Gadget Emporium.
  4361 | D:6      | Reached skill level 10 in Maces & Flails
  4436 | D:6      | Found Looko's Gadget Emporium.
  4510 | D:6      | Reached XP level 9. HP: 81/81 MP: 8/8
  4695 | D:7      | Found a white marble altar of Elyvilon.
  4845 | D:7      | Found a radiant altar of Vehumet.
  5012 | D:7      | Found a staircase to the Ecumenical Temple.
  5088 | D:8      | Reached ***** piety under Trog
  5094 | D:8      | Reached skill level 11 in Maces & Flails
  5599 | D:8      | Noticed a death yak
  5601 | D:8      | Found a staircase to the Lair.
  5616 | D:8      | Killed a death yak
  5616 | D:8      | Reached skill level 12 in Maces & Flails
  5621 | D:8      | Reached XP level 10. HP: 91/91 MP: 9/9
  5633 | D:8      | Noticed a death yak
  5646 | D:8      | Noticed a death yak
  5679 | D:7      | Killed a death yak
  5891 | D:8      | Killed a death yak
  5891 | D:8      | Reached skill level 13 in Maces & Flails
  6151 | D:8      | Found a stormy altar of Qazlal.
  6247 | D:8      | Found an ancient bone altar of Kikubaaqudgha.
  6252 | D:8      | Reached skill level 10 in Fighting
  6617 | D:9      | Reached skill level 10 in Armour
  6924 | D:9      | Reached skill level 14 in Maces & Flails
  6985 | D:9      | Found a bloodstained altar of Trog.
  7003 | D:9      | Received a gift from Trog
  7051 | D:9      | Found a deep blue altar of Sif Muna.
  7053 | D:9      | Found a glowing silver altar of Zin.
  7053 | D:9      | Found an iron altar of Okawaru.
  7054 | D:9      | Found a glowing golden altar of the Shining One.
  7151 | D:9      | Reached XP level 11. HP: 82/101 MP: 10/10
  7334 | D:9      | Found a sparkling altar of Nemelex Xobeh.
  7594 | D:10     | Entered Level 10 of the Dungeon
  8159 | D:10     | Noticed a two-headed ogre
  8164 | D:10     | Killed a two-headed ogre
  8164 | D:10     | Reached skill level 1 in Shields
  8221 | D:10     | Noticed a two-headed ogre
  8227 | D:10     | Killed a two-headed ogre
  8373 | Lair:1   | Entered Level 1 of the Lair of Beasts
  8593 | Lair:1   | Noticed Sonja
  8996 | Lair:1   | Killed Sonja
  8996 | Lair:1   | Reached skill level 15 in Maces & Flails
 10006 | Lair:2   | Noticed Pamiuf's ghost (journeyman KoSu)
 10038 | Lair:2   | Found a runed translucent gate.
 10038 | Lair:2   | Found a runed translucent gate.
 10038 | Lair:2   | Found a runed translucent gate.
 10038 | Lair:2   | Noticed a seven-headed hydra
 10371 | Lair:2   | Noticed an oklob plant
 10677 | Lair:2   | Noticed an oklob plant
 10901 | Lair:2   | Noticed an oklob plant
 10901 | Lair:2   | Paralysed by a floating eye for 2 turns
 11256 | Lair:1   | Killed a seven-headed hydra
 11256 | Lair:1   | Reached XP level 12. HP: 112/112 MP: 11/11
 11354 | Lair:1   | Killed Pamiuf's ghost
 11354 | Lair:1   | Reached skill level 5 in Shields
 11591 | Lair:2   | Paralysed by a floating eye for 4 turns
 11685 | Lair:3   | Reached skill level 16 in Maces & Flails
 11841 | Lair:3   | Received a gift from Trog
 12891 | Lair:4   | Noticed Kirke
 12928 | Lair:4   | Killed Kirke
 13265 | Lair:4   | Reached XP level 13. HP: 105/122 MP: 4/12
 13367 | Lair:4   | Reached skill level 17 in Maces & Flails
 14173 | Lair:4   | Found a staircase to the Snake Pit.
 14524 | Lair:4   | Found a staircase to the Shoals.
 15295 | Lair:5   | Noticed Josephine
 15310 | Lair:5   | Killed Josephine
 15454 | Lair:5   | Reached ****** piety under Trog
 15680 | Lair:6   | Entered Level 6 of the Lair of Beasts
 15709 | Lair:6   | Received a gift from Trog
 16431 | Lair:6   | Noticed a fire dragon
 16432 | Lair:6   | Found a large runed translucent door.
 16432 | Lair:6   | Found a large runed translucent door.
 16778 | Lair:6   | Found a staircase to the Slime Pits.
 16778 | Lair:6   | Found a viscous altar of Jiyva.
 17129 | Lair:6   | Reached XP level 14. HP: 133/133 MP: 4/13
 17397 | Lair:6   | Reached skill level 10 in Shields
 17501 | Lair:6   | Reached skill level 18 in Maces & Flails
 17943 | Lair:6   | Received a gift from Trog
 18336 | Lair:6   | Got a scorched scale mail
 18347 | Lair:6   | Identified the +4 scale mail of Hospitality {Int+2} (You
                  | found it on level 6 of the Lair of Beasts)
 18941 | D:11     | Found a portal to a secret trove of treasure.
 18955 | D:11     | You fall through a shaft for 3 floors!
 19006 | D:14     | Reached skill level 15 in Fighting
 19602 | D:13     | Noticed Maurice
 19608 | D:13     | Killed Maurice
 19802 | D:11     | Reached skill level 15 in Armour
 20856 | D:12     | Found Olokh's Armour Shop.
 21134 | D:12     | Found a staircase to the Orcish Mines.
 21248 | D:12     | Received a gift from Trog
 21735 | D:13     | Noticed Azrael
 21756 | D:13     | Killed Azrael
 21770 | D:13     | Noticed Rupert
 21868 | D:13     | Reached XP level 15. HP: 48/141 MP: 14/14
 22037 | D:13     | Killed Rupert
 22870 | D:13     | Found a gate to the Vaults.
 23266 | D:14     | Reached skill level 19 in Maces & Flails
 23378 | D:14     | Received a gift from Trog
 23957 | D:15     | Entered Level 15 of the Dungeon
 24121 | D:15     | Found a staircase to the Depths.
 24556 | D:15     | Found a basalt altar of Yredelemnul.
 25136 | Orc:1    | Entered Level 1 of the Orcish Mines
 25574 | Orc:2    | Entered Level 2 of the Orcish Mines
 25611 | Orc:2    | Paralysed by an orc sorcerer for 7 turns
 25623 | Orc:2    | Received a gift from Trog
 25848 | Orc:2    | Found a roughly hewn altar of Beogh.
 26409 | Orc:2    | Reached XP level 16. HP: 111/152 MP: 15/15
 26455 | Orc:2    | Received a gift from Trog
 26956 | Orc:2    | Found a staircase to the Elven Halls.
 27134 | Orc:2    | Found Racot's Weapon Boutique.
 27134 | Orc:2    | Found Zylixaum's Antique Weapon Shoppe.
 27136 | Orc:2    | Found Ethaif Ybig's Food Emporium.
 27138 | Orc:2    | Found Pehesuun's Food Shop.
 27590 | Shoals:1 | Entered Level 1 of the Shoals
 28708 | Shoals:1 | Found Serhigh's Antique Weapon Boutique.
 28716 | Shoals:1 | Bought a bloodstained morningstar for 270 gold pieces
 28716 | Shoals:1 | Identified the +6 morningstar of Context {antimagic, rElec
                  | rN+ Int-5 Dex+3} (You bought it in a shop on level 1 of the
                  | Shoals)
 28932 | Shoals:2 | Received a gift from Trog
 30022 | Shoals:3 | Found Gassyney's Gadget Emporium.
 30194 | Shoals:3 | Found an ancient bone altar of Kikubaaqudgha.
 30215 | Shoals:3 | Found Bocleshroy's Book Shoppe.
 30513 | Shoals:3 | Found Saqyela's Book Shop.
 30520 | Shoals:3 | Reached skill level 20 in Maces & Flails
 30582 | Shoals:3 | Found the +10 Black Knight's horse barding {ponderous,
                  | rPois rN+}
 30943 | Shoals:3 | Found a blossoming altar of Fedhas.
 30975 | Shoals:3 | Found Fokko's Weapon Shoppe.
 31418 | Shoals:4 | Entered Level 4 of the Shoals
 31917 | Shoals:4 | Cast into level 3 of the Abyss (merfolk impaler)
 32003 | Abyss:3  | Noticed a hellephant
 32014 | Abyss:3  | Killed a hellephant
 32050 | Abyss:3  | Paralysed by accursed screaming for 1 turns
 32275 | Abyss:3  | Noticed a tentacled starspawn
 32304 | Abyss:3  | Reached XP level 17. HP: 74/163 MP: 5/16
 32309 | Shoals:4 | Escaped the Abyss
 33190 | Shoals:4 | Reached skill level 15 in Shields
 33338 | Shoals:4 | Got a barnacled rune of Zot
 33372 | Shoals:4 | Received a gift from Trog
 35323 | Elf:1    | Entered Level 1 of the Elven Halls
 35401 | Elf:1    | Found Ajuuvogask's Armour Emporium.
 35407 | Elf:1    | Bought the +3 pair of gloves of the Hippo {Str+6 Int-3
                  | Slay+2} for 535 gold pieces
 35508 | Elf:1    | Noticed Asterion
 35530 | Elf:1    | Killed Asterion
 36554 | Elf:1    | Reached skill level 21 in Maces & Flails
 37012 | Elf:2    | Received a gift from Trog
 37074 | Elf:2    | Found a runed translucent gate.
 37075 | Elf:2    | Found a runed translucent gate.
 37076 | Elf:2    | Found a runed translucent gate.
 37078 | Elf:2    | Noticed rrossfarrar's ghost (adept FeBe)
 37147 | Elf:2    | Found a runed translucent gate.
 37156 | Elf:2    | Found a runed translucent gate.
 37176 | Elf:2    | Found a runed translucent gate.
 37613 | Elf:2    | Identified the ring "Plog" {rF- rC+ rN++ MR+ Stlth+}
 37686 | Elf:2    | Reached XP level 18. HP: 125/174 MP: 17/17
 37700 | Elf:2    | Received a gift from Trog
 38773 | Elf:2    | Killed rrossfarrar's ghost
 38792 | Elf:2    | Received a gift from Trog
 38816 | Elf:2    | Gained mutation: Your spells are a little easier to cast,
                  | but a little less powerful. [the power of Zot]
 38816 | Elf:2    | Gained mutation: Your body sometimes deteriorates upon
                  | taking damage. [the power of Zot]
 39083 | Elf:2    | Got a transparent cloak
 39094 | Elf:2    | Identified the +1 cloak of Pleasant Breezes {MR+ rCorr
                  | Dex+5} (You found it on level 2 of the Elven Halls)
 39451 | Snake:1  | Entered Level 1 of the Snake Pit
 39576 | Snake:1  | You fall through a shaft!
 40669 | Snake:2  | Noticed Nikola
 40680 | Snake:2  | Killed Nikola
 41215 | Snake:2  | Found Cicvakk's Jewellery Shoppe.
 41226 | Snake:2  | Bought the ring "Plog" {rF+ MR+ Int+2} for 514 gold pieces
 41612 | Snake:3  | Lost mutation: Your spells are a little easier to cast, but
                  | a little less powerful. [potion of mutation]
 41612 | Snake:3  | Lost mutation: Your body sometimes deteriorates upon taking
                  | damage. [potion of mutation]
 41612 | Snake:3  | Gained mutation: Your mind is acute. (Int +2) [potion of
                  | mutation]
 41612 | Snake:3  | Gained mutation: You tend to lose your temper in combat.
                  | [potion of mutation]
 41612 | Snake:3  | Gained mutation: Your magical capacity is low. (-10% MP)
                  | [potion of mutation]
 41612 | Snake:3  | Gained mutation: Your muscles are strong. (Str +2) [potion
                  | of mutation]
 41613 | Snake:3  | Lost mutation: Your magical capacity is low. (-10% MP)
                  | [potion of mutation]
 41613 | Snake:3  | Lost mutation: You tend to lose your temper in combat.
                  | [potion of mutation]
 41613 | Snake:3  | Gained mutation: You possess an exceptional clarity of
                  | mind. [potion of mutation]
 41613 | Snake:3  | Gained mutation: Scrolls take you a little longer to read.
                  | [potion of mutation]
 41613 | Snake:3  | Gained mutation: You do not regenerate when monsters are
                  | visible. [potion of mutation]
 41613 | Snake:3  | Gained mutation: You are agile. (Dex +2) [potion of
                  | mutation]
 41616 | Snake:3  | Noticed Louise
 41630 | Snake:3  | Killed Louise
 41815 | Snake:3  | Received a gift from Trog
 42498 | Snake:3  | Found a hazy altar of Hepliaklqana.
 42653 | Snake:3  | Reached skill level 22 in Maces & Flails
 42669 | Snake:3  | Reached XP level 19. HP: 180/180 MP: 18/18
 42682 | Snake:3  | Noticed Agnes
 43106 | Snake:3  | Killed Agnes
 43644 | Snake:4  | Entered Level 4 of the Snake Pit
 43799 | Snake:4  | Found a radiant altar of Vehumet.
 43892 | Snake:4  | Received a gift from Trog
 44509 | Snake:4  | HP: 7/185 [something (4)]
 44509 | Snake:4  | HP: 3/185 [naga mage/+0 spear (4)]
 44511 | Snake:4  | Slain by a nagaraja

Skill      XL: |  1  2  3  4  5  6  7  8  9 10 11 12 13 14 15 16 17 18 19 |
---------------+----------------------------------------------------------+-----
Maces & Flails | 4 5 6 7 8 10 12 14 15 16 17 18 19 20 21 22 | 22.3
Fighting       | 4 5 6 7 9 10 11 13 14 15 16 17 18 19 20 | 20.2
Armour         | 3 4 5 6 7 9 10 11 12 14 15 16 17 18 19 20 | 20.1
Shields        | 4 7 9 11 13 14 16 17 | 17.9
Dodging        | |  2.1

Action                   |  1- 3 |  4- 6 |  7- 9 | 10-12 | 13-15 | 16-18 | 19-21 || total
-------------------------+-------+-------+-------+-------+-------+-------+-------++-------
Melee: Mace              |    68 |    28 |       |       |       |       |       ||    96
       Headbutt          |    11 |    15 |    53 |   126 |   322 |   424 |    81 ||  1032
       Flail             |       |    90 |   267 |   288 |       |       |       ||   645
       Morningstar       |       |       |       |   157 |       |   693 |       ||   850
       Eveningstar       |       |       |       |   159 |   426 |   125 |       ||   710
       Demon whip        |       |       |       |       |   945 |   851 |   240 ||  2036
Invok: Berserk           |     2 |     4 |    12 |    22 |    55 |    31 |     5 ||   131
       Trog's Hand       |       |       |       |       |     2 |     3 |       ||     5
       Brothers in Arms  |       |       |       |       |     2 |     2 |     1 ||     5
  Use: Scroll            |     4 |       |       |    19 |    17 |     7 |     3 ||    50
       Potion            |       |       |       |     2 |     5 |     7 |     5 ||    19
 Stab: Paralysed         |       |       |       |       |       |     1 |       ||     1
  Eat: Chunk             |     3 |     8 |    21 |    35 |    66 |    57 |     6 ||   196
       Ration            |       |       |       |     3 |     9 |     8 |     2 ||    22
Armor: Animal skin       |     6 |       |       |       |       |       |       ||     6
       Plate armour      |    30 |    57 |   129 |   210 |   443 |   494 |    78 ||  1441
Dodge: Dodged            |    39 |    33 |    73 |   134 |   274 |   285 |    38 ||   876
Block: Other             |       |    18 |    42 |    33 |       |       |       ||    93
       Reflection        |       |       |     1 |     3 |    63 |   125 |    54 ||   246
       Buckler           |       |       |       |   155 |   495 |   191 |       ||   841
       Shield            |       |       |       |       |       |   968 |       ||   968
       Large shield      |       |       |       |       |       |    49 |   385 ||   434
